 Dungeon Crawl Stone Soup version 0.21-a0-632-g1e37ce5 (webtiles) character file.

27 slep the Chopper (level 3, -1/18 HPs)
             Began as a Vine Stalker Gladiator on Dec 28, 2017.
             Slain by a leopard gecko (2 damage)
             ... on level 1 of the Dungeon.
             The game lasted 00:01:18 (170 turns).

slep the Chopper (Vine Stalker Gladiator)            Turns: 170, Time: 00:01:19

Health: -1/18      AC:  4    Str: 16    XL:     3   Next: 10%
Magic:  0/4        EV: 13    Int:  8    God:
Gold:   44         SH:  0    Dex: 16    Spells: 2/2 levels left

rFire    . . .     SeeInvis .   a - +0 war axe
rCold    . . .     Gourm    .   (no shield)
rNeg     . . .     Faith    .   b - +0 leather armour
rPois    .         Spirit   +   c - +0 helmet
rElec    .         Reflect  .   (no cloak)
rCorr    .         Harm     .   (no gloves)
MR       .....                  (no boots)
Stlth    +.........             (no amulet)
HPRegen  0.06/turn              (no ring)
MPRegen  0.09/turn              (no ring)

@: no status effects
A: fangs 2, magic shield, antimagic bite, no potion heal 3, rot immunity
a: no special abilities


You were on level 1 of the Dungeon.
You were not hungry.

You visited 1 branch of the dungeon, and saw 1 of its levels.

You collected 44 gold pieces.

Inventory:

Hand Weapons
 a - a +0 war axe (weapon)
Missiles
 d - 3 throwing nets (quivered)
Armour
 b - a +0 leather armour (worn)
 c - a +0 helmet (worn)
Scrolls
 e - a scroll of remove curse {unknown}
Potions
 g - a potion of heal wounds {unknown}
Comestibles
 f - 2 rations


   Skills:
 + Level 1.9 Fighting
 + Level 3.1 Axes
 + Level 1.7 Throwing
 + Level 0.2 Armour
 + Level 2.9 Dodging


You had 2 spell levels left.
You didn't know any spells.

Dungeon Overview and Level Annotations

Branches:
Dungeon (1/15)

Altars:


Innate Abilities, Weirdness & Mutations

You have extremely sharp teeth.
When hurt, damage is shared between your health and your magic reserves.
Your bite disrupts and absorbs the magic of your enemies.
Potions cannot restore your health.
You are immune to rotting.


Message History

The hobgoblin closely misses you. The hobgoblin barely misses you.
A kobold comes into view. It is wielding a short sword.
The kobold shouts!
You slash the hobgoblin!
You kill the hobgoblin!
The leopard gecko completely misses you.
The kobold throws a stone.
The stone hits you but does no damage.
The leopard gecko bites you but does no damage.
The rat bites you.
* * * LOW HITPOINT WARNING * * *
You see here a hobgoblin corpse.
You closely miss the rat. Your bite misses the rat.
You barely miss the leopard gecko. The leopard gecko misses you.
The rat bites you.
* * * LOW HITPOINT WARNING * * *
The kobold throws a stone.
The stone hits you. The leopard gecko misses you.
You slash the rat!
You kill the rat!
You closely miss the leopard gecko. The leopard gecko bites you.
You die...

#...#####.####
#...# #....###
#.K.# #..#...##
#...#
####......##
#).##
#.....###..##
#..#
#.....####...
##..#
#.......)....
#..(#
#......###.##
#.l@# #.##.###
#.# #....#
#.##.# #.#
#..#..# ...#
##.# .....#.##
♣..# #..#
#.##...
######..####.##
#. ..#
#....#..##...#
%#
#<...(.....###
.. #....#)..###
#....#...#


You could see a leopard gecko and a kobold.

Vanquished Creatures
  A dart slug (D:1)
  6 bats (D:1)
  A goblin (D:1)
  2 hobgoblins (D:1)
  4 jackals (D:1)
  A frilled lizard (D:1)
  2 kobolds (D:1)
  8 rats (D:1)
25 creatures vanquished.

Notes
Turn   | Place    | Note
-------+----------+-------------------------------------------
     0 | D:1      | slep the Vine Stalker Gladiator began the quest for the Orb.
     0 | D:1      | Reached XP level 1. HP: 11/11 MP: 2/2
    39 | D:1      | Reached XP level 2. HP: 9/15 MP: 3/3
   133 | D:1      | Reached skill level 3 in Axes
   151 | D:1      | Reached XP level 3. HP: 2/18 MP: 1/4
   170 | D:1      | Slain by a leopard gecko

Vault maps used:
D:1:      sevenhm_arrival_forest_fort_small_6

Skill      XL: |  1  2 |
---------------+-------+-----
Axes           | 3 |  3.1
Fighting       | |  1.9
Throwing       | |  1.7
Armour         | |  0.2
Dodging        | |  2.9

Action                   || total
-------------------------++-------
Melee: War axe           ||    56
       Bite              ||    13
Armor: Leather armour    ||    26
Dodge: Dodged            ||    58

Table legend:
 A = Spawn XP
 B = Non-spawn XP
 C = Spawn XP percentage of total XP
 D = Spawn monster count
 E = Non-spawn monster count
 F = Spawn count percentage of total count
 G = Total turns spent on level
                    A         B        C        D         E        F      G
               +---------+---------+-------+---------+---------+-------+---------
         Total |       0 |      39 |   0.0 |       0 |      25 |   0.0 |   170
               +---------+---------+-------+---------+---------+-------+---------
           D:1 |       0 |      39 |   0.0 |       0 |      25 |   0.0 |   170
               +---------+---------+-------+---------+---------+-------+---------
